 Dungeon Crawl Stone Soup version 0.28.0-53-g5a82cb258f (webtiles) character file.

Game seed: 18416419605460771716

275 porpoise the Shooter (level 6, 0/37 HPs)
             Began as a Tengu Hunter on May 25, 2022.
             Slain by Pikel
             ... wielding a +2 whip of freezing
              (3 damage)
             ... on level 4 of the Dungeon on May 26, 2022.
             The game lasted 00:08:02 (2449 turns).

porpoise the Shooter (Tengu Hunter)                 Turns: 2449, Time: 00:08:03

Health: 0/37       AC:  3    Str: 12    XL:     6   Next: 24%
Magic:  7/7        EV: 14    Int: 12    God:
Gold:   67         SH:  0    Dex: 16    Spells: 5/5 levels left

rFire   . . .      SeeInvis .   b - +0 dagger (venom)
rCold   . . .      Faith    .   (no shield)
rNeg    . . .      Spirit   .   c - +0 leather armour
rPois   .          Reflect  .   (helmet restricted)
rElec   .          Harm     .   (no cloak)
rCorr   .          Rampage  .   (no gloves)
Will    .....                   (boots unavailable)
Stlth   ++........              (no amulet)
HPRegen 0.12/turn               (no ring)
MPRegen 0.10/turn               (no ring)

@: flying quickly and evasively, invisible, quick
A: beak, talons 3, nimble flight
a: no special abilities


You were on level 4 of the Dungeon.
You visited 1 branch of the dungeon, and saw 5 of its levels.

You collected 67 gold pieces.

Inventory:

Hand Weapons
 a - a +1 shortbow
 b - a +0 dagger of venom (weapon)
 w - a +0 hand axe of electrocution
Missiles
 d - 34 arrows
Armour
 c - a +0 leather armour (worn)
Magical Staves
 m - a staff of fire
Scrolls
 e - a scroll of silence {unknown}
 g - 3 scrolls of teleportation {unknown}
 h - a scroll of fog {unknown}
 j - 2 scrolls of identify
 k - a scroll of enchant weapon {unknown}
Potions
 l - a potion of lignification {unknown}


   Skills:
 + Level 3.5 Fighting
 * Level 6.4 Bows
 - Level 2.1 Dodging
 + Level 3.3 Stealth


You had 5 spell levels left.
You didn't know any spells.
Your spell library was empty.

Dungeon Overview and Level Annotations

Branches:
Dungeon (5/15)
 Temple: D:4-7

Altars:
Qazlal

Shops:
D:2 *

Annotations:
D:4 Pikel


Innate Abilities, Weirdness & Mutations

You have a beak for a mouth.
You have claws for feet.
Your magical nature lets you fly swiftly and evasively.


Message History

d - 34 arrows (gained 1) Pikel, Merchant of Souls comes into view.
He is wielding a +2 whip of freezing.
Your +0 dagger of venom begins to drip with poison!
b - a +0 dagger of venom (weapon)
3 lemures come into view.
Pikel closely misses you.
You see here 2 arrows.
You hit Pikel. You claw Pikel.
Pikel is lightly wounded.
The lemure barely misses you.
Pikel hits you with a +2 whip of freezing.
Pikel freezes you.
You closely miss Pikel. You claw Pikel.
Pikel is moderately wounded.
The lemure hits you!
Pikel hits you with a +2 whip of freezing!
Pikel freezes you.
You closely miss Pikel.
Pikel is moderately wounded.
The lemure barely misses you.
Pikel hits you with a +2 whip of freezing.
* * * LOW HITPOINT WARNING * * *
Pikel freezes you.
* * * LOW HITPOINT WARNING * * *
Okay, then.
Unknown command.
Press: ? - help, v - describe, . - travel
Here: Pikel, wielding a +2 whip of freezing and wearing a +0 robe (moderately wounded)
The floor.
You fade into invisibility!
The lemure misses you. Pikel closely misses you.
You barely miss Pikel. Your kick misses Pikel.
Pikel is moderately wounded.
The lemure misses you. Pikel barely misses you.
You barely miss Pikel. Your kick misses Pikel.
Pikel is moderately wounded.
Pikel hits you with a +2 whip of freezing.
* * * LOW HITPOINT WARNING * * *
Pikel freezes you.
You die...

##....$..........#
...........####..#
#...........##..#
##.#..#.###.##..#
#.#.....##.....####
#5#.)#.###..†......
#5#..### #.##..####
##5#..#####.....#
#.K@....[.......#
#..##.########.##
#.# #.# #..# #. #.#
#.## # #.# #.# .#
#.# .# #.# #.# #.#


You could see Pikel and 3 lemures.

Vanquished Creatures
  A water moccasin (D:4)
  A black bear (D:4)
  A lemure (D:4)
  An iguana (D:4)
  An adder skeleton (D:4)
  A worm (D:4)
  3 bats
  4 endoplasms
  5 giant cockroaches
  5 hobgoblins
  8 kobolds
  A quokka (D:1)
  4 ball pythons
  3 frilled lizards (D:1)
  3 goblins
  2 rats
44 creatures vanquished.

Vanquished Creatures (others)
  A fungus (D:1)
1 creature vanquished.

Grand Total: 45 creatures vanquished

Notes
Turn   | Place    | Note
-------+----------+-------------------------------------------
     0 | D:1      | porpoise the Tengu Hunter began the quest for the Orb.
     0 | D:1      | Reached XP level 1. HP: 12/12 MP: 2/2
   151 | D:1      | Reached XP level 2. HP: 17/17 MP: 3/3
   292 | D:1      | Found a faded altar of an unknown god.
   926 | D:1      | Reached XP level 3. HP: 22/22 MP: 4/4
  1176 | D:2      | Reached skill level 5 in Bows
  1281 | D:2      | Found Tenonee's General Store.
  1722 | D:3      | You fall into a shaft and drop 2 floors!
  1722 | D:5      | Entered Level 5 of the Dungeon
  1722 | D:5      | Noticed a water moccasin
  1722 | D:5      | Found a stormy altar of Qazlal.
  1726 | D:5      | Noticed a phantom
  1727 | D:5      | Noticed a black bear
  1745 | D:4      | Killed a black bear
  1746 | D:4      | Reached XP level 4. HP: 8/28 MP: 5/5
  1746 | D:4      | Gained mutation: Your magical nature lets you fly swiftly
                  | and evasively. [Tengu growth]
  1746 | D:4      | Reached XP level 5. HP: 10/32 MP: 6/6
  2040 | D:4      | Noticed a water moccasin
  2148 | D:4      | Killed a water moccasin
  2149 | D:4      | Reached skill level 6 in Bows
  2149 | D:4      | Reached XP level 6. HP: 22/37 MP: 7/7
  2441 | D:4      | Noticed Pikel
  2449 | D:4      | Slain by Pikel

Illustrated notes

Levels and vault maps discovered:
D:1:      psy_arrival_statuary, layout_basic,
          shapermc_ecumenical_altar_acropolis, minmay_fountain_box
D:2:      layout_rooms, serial_shops, nicolae_lakefront_shop
D:3:      layout_basic, serial_shops, shop, grunt_decor_arrowhead, uniq_robin
D:4:      layout_loops_ring, uniq_blork_the_orc, uniq_menkaure, uniq_pikel
D:5:      layout_basic, nicolae_qazlal_scattered_showers,
          minmay_temple_entry_ruins, uniq_sigmund

Skill      XL: |  1  2  3  4  5 |
---------------+----------------+-----
Bows           | 5 6 |  6.4
Stealth        | 2 3 |  3.3
Fighting       | 3 |  3.5
Dodging        | |  2.1

Action                   |  1- 3 |  4- 6 || total
-------------------------+-------+-------++-------
Melee: Hand axe          |    22 |     2 ||    24
       Kick              |    11 |     5 ||    16
       Peck              |    10 |     2 ||    12
       Dagger            |    37 |    22 ||    59
 Fire: Shortbow          |    36 |    10 ||    46
  Use: Scroll            |     1 |       ||     1
       Potion            |       |     1 ||     1
 Stab: Sleeping          |     6 |       ||     6
Armor: Leather armour    |    22 |     1 ||    23
Dodge: Dodged            |    47 |    22 ||    69
